 Dungeon Crawl Stone Soup version 0.24.0-1-gfbc8707 (webtiles) character file.

Game seed: 8189337612752504151, levelgen mode: deterministic

89 Fang the Skirmisher (level 4, -3/29 HPs)
             Began as a Gargoyle Berserker on Oct 29, 2019.
             Was a Believer of Trog.
             Slain by a scorpion (4 damage)
             ... on level 3 of the Dungeon.
             The game lasted 00:02:43 (2137 turns).

Fang the Skirmisher (Gargoyle Berserker)            Turns: 2137, Time: 00:02:43

Health: -3/29      AC:  5    Str: 21    XL:     4   Next: 55%
Magic:  4/4        EV: 12    Int:  8    God:    Trog [**....]
Gold:   106        SH:  0    Dex:  9    Spells: 3/3 levels left

rFire    . . .     SeeInvis .   a - +0 hand axe
rCold    . . .     Gourm    .   (no shield)
rNeg     + . .     Faith    .   b - +0 animal skin
rPois    ∞         Spirit   .   (no helmet)
rElec    +         Reflect  .   (no cloak)
rCorr    .         Harm     .   (no gloves)
MR       .....                  (no boots)
Stlth    +.........             (no amulet)
HPRegen  0.09/turn              e - +4 ring of slaying
MPRegen  0.09/turn              (no ring)

@: berserk cooldown, slowed, very slow
A: negative energy resistance 1, electricity resistance, unbreathing,
petrification resistance, rot immunity, AC +3
a: Berserk, Trog's Hand, Renounce Religion


You were on level 3 of the Dungeon.
You worshipped Trog.
Trog was pleased with you.
You were hungry.

You visited 1 branch of the dungeon, and saw 4 of its levels.

You collected 106 gold pieces.

Inventory:

Hand Weapons
 a - a +0 hand axe (weapon)
Armour
 b - a +0 animal skin (worn)
Jewellery
 e - a +4 ring of slaying (left hand)
Scrolls
 d - a scroll of amnesia {unknown}
 g - 5 scrolls of identify {unknown}
 h - a scroll of magic mapping {unknown}
 i - 2 scrolls of teleportation {unknown}
 k - a scroll of immolation {unknown}
 l - a scroll of remove curse {unknown}
Potions
 f - 4 potions of curing {unknown}
 j - 3 potions of heal wounds {unknown}
 m - a potion of mutation {unknown}
 o - 2 potions of degeneration {unknown}
 p - a potion of lignification {unknown}
Comestibles
 c - 2 rations
 n - a chunk of flesh


   Skills:
 + Level 4.0 Fighting
 + Level 3.3 Axes
 + Level 3.1 Armour
 + Level 2.3 Dodging


You had 3 spell levels left.
You didn't know any spells.
Your spell library was empty.

Dungeon Overview and Level Annotations

Branches:
Dungeon (4/15)
 Temple: D:4-7

Altars:
Qazlal


Innate Abilities, Weirdness & Mutations

You are resistant to torment.
Your stone body is resilient. (AC +3)
You are immune to poison.
You resist negative energy. (rN+)
You are resistant to electric shocks. (rElec)
You can survive without breathing.
You are immune to petrification.
You are immune to rotting.


Message History

You are exhausted.
You feel yourself slow down.
There is a stone staircase leading up here.
The scorpion closely misses you.
You climb upwards.
There is a stone staircase leading down here.
You hit the scorpion.
The scorpion is almost dead.
The scorpion stings you but does no damage.
The scorpion stings you!
* * * LOW HITPOINT WARNING * * *
You completely miss the scorpion.
The scorpion is almost dead.
The scorpion stings you.
* * * LOW HITPOINT WARNING * * *
The scorpion barely misses you.
You closely miss the scorpion.
The scorpion is almost dead.
The scorpion stings you.
You die...

###.# ##..## #...#
###.#### #.###
#...##.. #.# #.⌠.'..⌠
#.# #...##.. #.#
####..#### #.#
####....#..##
#.#######.......#...#
#...@s.....#.####.⌠.#
#########.......#(..#
##.#.#####>## #.#.##
##### #.#..# #.#
##.##÷###.###
####.#..........
#...###..###.###
#.##.#....##.#..


You could see a scorpion.

Vanquished Creatures
  3 adders
  An ooze (D:1)
  A worm (D:2)
  2 dart slugs (D:1)
  4 ball pythons
  8 bats
  3 giant cockroaches
  6 goblins
  5 hobgoblins
  2 jackals (D:2)
  3 kobolds
  A quokka (D:2)
  A frilled lizard (D:3)
  10 rats
50 creatures vanquished.

Notes
Turn   | Place    | Note
-------+----------+-------------------------------------------
     0 | D:1      | Fang the Gargoyle Berserker began the quest for the Orb.
     0 | D:1      | Reached XP level 1. HP: 14/14 MP: 1/1
   150 | D:1      | Reached XP level 2. HP: 13/19 MP: 2/2
   575 | D:1      | Reached XP level 3. HP: 23/23 MP: 3/3
   723 | D:2      | Reached ** piety under Trog
  1035 | D:2      | Found a stormy altar of Qazlal.
  1037 | D:2      | Noticed a water elemental
  1038 | D:2      | Noticed an air elemental
  1038 | D:2      | Noticed an earth elemental
  1038 | D:2      | Noticed a fire elemental
  1208 | D:2      | Reached XP level 4. HP: 29/29 MP: 4/4
  1836 | D:3      | Found a faded altar of an unknown god.
  2090 | D:3      | Reached skill level 4 in Fighting
  2136 | D:3      | HP: 1/29 [scorpion (6)]
  2137 | D:3      | Slain by a scorpion

Levels and vault maps discovered:
D:1:      dpeg_arrival_line_fractal, layout_loops_ring
D:2:      layout_loops_cross, nicolae_qazlal_style_of_elements
D:3:      layout_loops_ring, chequers_ecumenical_altar_simple,
          grunt_ministairs_4
D:4:      gammafunk_steamed_eel, layout_rooms, grunt_dithmenos_smoke

Skill      XL: |  1  2  3  4 |
---------------+-------------+-----
Axes           | 3 |  3.3
Dodging        | 2 |  2.3
Armour         | 3 |  3.1
Fighting       | 4 |  4.0

Action                   |  1- 3 |  4- 6 || total
-------------------------+-------+-------++-------
Melee: Hand axe          |    79 |    43 ||   122
Invok: Berserk           |     1 |     1 ||     2
 Stab: Sleeping          |     1 |       ||     1
  Eat: Chunk             |     2 |     3 ||     5
Armor: Animal skin       |    20 |    11 ||    31
Dodge: Dodged            |    51 |    39 ||    90
